 Dungeon Crawl Stone Soup version 0.29-a0-477-g62b78b4225 (webtiles) character file.

Game seed: 17254248974783795807

473 Infinimo the Skirmisher (level 7, -1/75 HPs)
             Began as an Ogre Gladiator on May 25, 2022.
             Succumbed to a scorpion's poison
             ... on level 5 of the Dungeon.
             The game lasted 00:05:03 (5914 turns).

Infinimo the Skirmisher (Ogre Gladiator)            Turns: 5914, Time: 00:05:04

Health: -1/75      AC:  4    Str: 19    XL:     7   Next: 10%
Magic:  7/7        EV: 10    Int: 11    God:
Gold:   202        SH:  0    Dex: 10    Spells: 6/6 levels left

rFire   . . .      SeeInvis .   a - +0 flail
rCold   . . .      Faith    .   (no shield)
rNeg    . . .      Spirit   .   b - +0 robe
rPois   .          Reflect  .   c - +0 hat
rElec   .          Harm     .   u - scarf {shadows}
rCorr   .          Rampage  .   (gloves unavailable)
Will    .....                   (boots unavailable)
Stlth   +.........              (no amulet)
HPRegen 0.22/turn               (no ring)
MPRegen 0.10/turn               (no ring)

@: lethally poisoned (-1 -> -18), flying
A: large, unfitting armour, tough skin 1, talons 1, shaggy fur 1
a: no special abilities


You were on level 5 of the Dungeon.
You visited 1 branch of the dungeon, and saw 5 of its levels.

You collected 202 gold pieces.

Inventory:

Hand Weapons
 a - a +0 flail (weapon)
Missiles
 d - 3 throwing nets (quivered)
 e - a large rock
 r - 7 poisoned darts
Armour
 b - a +0 robe (worn)
 c - a +0 hat (worn)
 u - a scarf of shadows (worn)
Jewellery
 p - a +4 ring of evasion
Wands
 s - a wand of iceblast (11)
Scrolls
 f - 2 scrolls of magic mapping {unknown}
 g - 6 scrolls of identify {unknown}
 h - a scroll of amnesia {unknown}
 i - 2 scrolls of teleportation {unknown}
 k - a scroll of enchant armour {unknown}
 l - a scroll of torment {unknown}
 n - a scroll of vulnerability {unknown}
 o - a scroll of fog {unknown}
 q - a scroll of blinking {unknown}
Potions
 m - a potion of haste


   Skills:
 + Level 6.0 Fighting
 * Level 6.0 Maces & Flails
 - Level 2.0 Throwing
 - Level 2.6 Dodging


You had 6 spell levels left.
You didn't know any spells.
Your spell library contained the following spells:

 Spells                   Type           Power      Damage    Failure   Level
 Frozen Ramparts          Ice            0%         1d2       71%         3
 Ice Form                 Ice/Tmut       0%         N/A       98%         4
 Summon Ice Beast         Ice/Summ       0%         N/A       98%         4


Dungeon Overview and Level Annotations

Branches:
Dungeon (5/15)
 Temple: D:4-7

Altars:
Fedhas


Innate Abilities, Weirdness & Mutations

You are too large for most types of armour.
You have tough skin. (AC +1)
You have sharp toenails.
You are covered in fur. (AC +1)


Message History

You are poisoned.
The scorpion poisons you!
You feel very sick. The scorpion stings you!
You sock the scorpion!
The scorpion is moderately wounded.
You feel very sick. The scorpion stings you.
You sock the scorpion!
The scorpion is severely wounded.
You feel sick.
The scorpion is almost dead.
You feel sick.
The scorpion is almost dead.
You feel sick. The scorpion stings you.
* * * LOW HITPOINT WARNING * * *
The scorpion is almost dead.
You feel sick. The scorpion stings you.
* * * LOW HITPOINT WARNING * * *
The scorpion is almost dead.
You feel sick. The scorpion stings you.
* * * LOW HITPOINT WARNING * * *
You are lethally poisoned!
The scorpion poisons you!
It was a potion of mutation.
You feel extremely strange. Fur sprouts all over your body.
Your toenails lengthen and sharpen.
* * * LOW HITPOINT WARNING * * *
You feel sick.
It was a potion of flight.
You feel very buoyant.
You fly up into the air.
* * * LOW HITPOINT WARNING * * *
You feel sick. The scorpion stings you.
* * * LOW HITPOINT WARNING * * *
You are more poisoned.
The scorpion poisons you!
Okay, then.
You claw the scorpion.
You kill the scorpion!
You die...

### ######..
#......#
#......#
#......#
+......#
#.....@#
#.<...<#
#.....#.$....
#.)... .#.###
...... .. ..
#####. >## .#
.. .. # .. ..


There were no monsters in sight!

Vanquished Creatures
  A phantom (D:4)
  A scorpion (D:5)
  2 orc priests
  4 orc wizards
  5 adders
  7 gnolls
  4 worms
  A dart slug (D:1)
  16 orcs
  6 endoplasms
  7 giant cockroaches
  8 goblins
  4 hobgoblins
  6 jackals
  11 kobolds
  5 quokkas
  4 ball pythons
  4 bats
  A frilled lizard (D:1)
  7 rats
104 creatures vanquished.

Vanquished Creatures (others)
  A plant (D:4)
1 creature vanquished.

Grand Total: 105 creatures vanquished

Notes
Turn   | Place    | Note
-------+----------+-------------------------------------------
     0 | D:1      | Infinimo the Ogre Gladiator began the quest for the Orb.
     0 | D:1      | Reached XP level 1. HP: 22/22 MP: 1/1
   135 | D:1      | Reached XP level 2. HP: 23/31 MP: 2/2
  1079 | D:1      | Reached XP level 3. HP: 31/37 MP: 3/3
  2041 | D:2      | Reached XP level 4. HP: 31/48 MP: 4/4
  2344 | D:2      | Found a faded altar of an unknown god.
  3329 | D:2      | Reached XP level 5. HP: 37/55 MP: 5/5
  3851 | D:3      | Reached skill level 5 in Maces & Flails
  4139 | D:3      | Reached skill level 5 in Fighting
  4178 | D:3      | Reached XP level 6. HP: 66/66 MP: 6/6
  4906 | D:4      | Found a blossoming altar of Fedhas.
  5308 | D:4      | Reached XP level 7. HP: 69/74 MP: 7/7
  5897 | D:5      | Entered Level 5 of the Dungeon
  5912 | D:5      | Gained mutation: You are covered in fur. (AC +1) [potion of
                  | mutation]
  5912 | D:5      | Gained mutation: You have sharp toenails. [potion of
                  | mutation]
  5913 | D:5      | HP: 3/75 [scorpion (2)]
  5914 | D:5      | Succumbed to a scorpion's poison

Illustrated notes

Levels and vault maps discovered:
D:1:      minmay_arrival_split_and_join, layout_loops_ring, serial_aquarium,
          aquarium_bridge_island_large [aquarium_subvault_large_1_pool,
          aquarium_subvault_balcony, aquarium_subvault_window,
          aquarium_subvault_balcony, aquarium_subvault_bridge],
          aquarium_bridge_square [aquarium_subvault_window,
          aquarium_subvault_window, aquarium_subvault_bridge,
          aquarium_subvault_bridge], aquarium_window_fake, aquarium_window_2,
          aquarium_view_2c, aquarium_view_2f, st_stairs_8
D:2:      kennysheep_big_flooded_room, layout_basic,
          hellmonk_ecumenical_altar_zigzags, minmay_misc_feat_columns
D:3:      layout_loops_ring
D:4:      layout_basic, fedhas_ov_isle_minmay, roderic_roman_lattice
D:5:      layout_basic, okawaru_altar_gauntlet_db, general_overflow_altar,
          uniq_blork_the_orc

Skill      XL: |  1  2  3  4  5  6  7 |
---------------+----------------------+-----
Fighting       | 3 4 5 6 |  6.0
Maces & Flails | 3 4 5 6 |  6.0
Throwing       | |  2.0
Dodging        | |  2.6

Action                   |  1- 3 |  4- 6 |  7- 9 || total
-------------------------+-------+-------+-------++-------
Melee: Flail             |   122 |   225 |    37 ||   384
       Punch             |       |     3 |       ||     3
       Kick              |       |       |     1 ||     1
  Use: Potion            |       |     3 |     2 ||     5
 Stab: Sleeping          |     1 |     1 |       ||     2
Armor: Robe              |    30 |    47 |     3 ||    80
       Skin              |       |     5 |       ||     5
Dodge: Dodged            |    68 |   105 |    15 ||   188

Table legend: (Time is in decaauts)
 A = Elapsed time spent in this place.
 B = Non-inter-level travel time spent in this place.
 C = Inter-level travel time spent in this place.
 D = Time resting spent in this place.
 E = Time spent auto-exploring this place.
 F = Levels seen in this place.
 G = Mean time per level.
                   A        B        C        D        E       F      G
               +--------+--------+--------+--------+--------+-----+--------+
         Total |   5981 |   5801 |    180 |   1089 |   3959 |   5 | 1196.2 |
       Dungeon |   5981 |   5801 |    180 |   1089 |   3959 |   5 | 1196.2 |
               +--------+--------+--------+--------+--------+-----+--------+

Top non-repeatable levels by time:
     D:2: 1681 daAuts
     D:1: 1652 daAuts
     D:3: 1575 daAuts
     D:4: 1053 daAuts
     D:5: 18 daAuts
